 Dungeon Crawl Stone Soup version 0.20.1-1-g8b1a95d (webtiles) character file.

220 Linguinho the Sneak (level 5, -1/39 HPs)
             Began as a Demonspawn Assassin on Oct 30, 2017.
             Slain by a hobgoblin (4 damage)
             ... led by Robin
             ... on level 3 of the Dungeon.
             The game lasted 00:09:07 (2092 turns).

Linguinho the Sneak (Demonspawn Assassin)           Turns: 2092, Time: 00:09:07

Health: -1/39      AC:  6    Str: 12    XL:     5   Next: 64%
Magic:  5/5        EV:  8    Int: 13    God:
Gold:   124        SH:  7    Dex: 14    Spells: 4/4 levels left

rFire    . . .     SeeInvis .   C - +2 rapier (speed)
rCold    . . .     Gourm    .   t - +0 shield
rNeg     . . .     Faith    .   p - +0 ring mail
rPois    .         Spirit   .   y - +0 hat
rElec    .         Reflect  .   d - +0 cloak
rCorr    .         Harm     .   (no gloves)
MR       .....                  (no boots)
Stlth    ++........             (no amulet)
Regen    0.2/turn               (no ring)
MPRegen  0.1/turn               (no ring)

@: no status effects
A: hooves 2
a: no special abilities


You were on level 3 of the Dungeon.
You were not hungry.

You visited 1 branch of the dungeon, and saw 4 of its levels.

You collected 124 gold pieces.

Inventory:

Hand Weapons
 a - a +2 dagger
 b - a +0 blowgun
 o - a +0 short sword of protection
 C - a +2 rapier of speed (weapon)
Missiles
 e - 8 poisoned needles
 f - 2 curare-tipped needles
Armour
 d - a +0 cloak (worn)
 p - a +0 ring mail (worn)
 t - a +0 shield (worn)
 y - a +0 hat (worn)
Jewellery
 w - a +5 ring of intelligence {unknown}
 x - an uncursed ring of wizardry {unknown}
 A - an uncursed ring of see invisible {unknown}
Scrolls
 h - a scroll of amnesia
 j - a scroll of enchant weapon
 m - a scroll of fog
 s - 2 scrolls of magic mapping
 u - a scroll of remove curse
 z - 2 scrolls of teleportation
 B - a scroll of fear {unknown}
Potions
 c - 3 potions of haste
 i - 4 potions of flight {unknown}
 k - 3 potions of degeneration {unknown}
 l - a potion of resistance {unknown}
 n - a potion of agility {unknown}
 q - 2 potions of curing {unknown}
 v - a potion of invisibility {unknown}
Comestibles
 g - 2 bread rations
 r - a chunk of flesh


   Skills:
 + Level 2.7 Fighting
 + Level 2.7 Short Blades
 - Level 1.7 Throwing
 * Level 2.4 Armour
 + Level 1.8 Dodging
 - Level 4.5 Stealth
 + Level 1.0 Shields


You had 4 spell levels left.
You didn't know any spells.

Dungeon Overview and Level Annotations

Branches:
Dungeon (4/15)
 Temple: D:4-7

Altars:
Xom

Shops:
D:4 [

Annotations:
D:3 Robin


Innate Abilities, Weirdness & Mutations

You have hoof-like feet.


Message History

Your shield and ring mail prevent you from hitting the hobgoblin.
The hobgoblin is almost dead.
Robin hits you with a falchion.
* * * LOW HITPOINT WARNING * * *
Your shield prevents you from hitting the hobgoblin.
Your kick misses the hobgoblin.
The hobgoblin is almost dead.
Robin hits you but does no damage. The hobgoblin barely misses you.
As you read the scroll of fog, it crumbles to dust.
The scroll dissolves into smoke.
Robin hits you but does no damage. You block the hobgoblin's attack.
You block Robin's attack.
The hobgoblin no longer looks unusually strong.
You block the hobgoblin's attack.
The hobgoblin hits you but does no damage.
Robin roars a battlecry!
The hobgoblin goes into a battle-frenzy!
Your shield and ring mail prevent you from hitting the hobgoblin.
The hobgoblin is severely wounded.
You block Robin's attack. The hobgoblin hits you.
You die...

#.#....#####.####..# #.#....#
#.......# #.#....### #######.#
###### #........# #.#### ##.....
####...###.# ######.##.###.#.###
.###..####.####..§##...#...###.#
......#.......§§§§..###.###.#.##
.###..#.##.##.#gg§#.# ### ##.##
.# #..#.##.##.##@§#.# ###
.###.......##.###§#.#
......#######.###.#.#
.####..##...........#
.......##.#####.#.###
######.##.#####.#.# #
#......##......# #
#......##.##.### #
#......##.##.#


You could see Robin and a hobgoblin.

Vanquished Creatures
  A scorpion (D:4)
  An orc wizard (D:3)
  An iguana (D:4)
  An ooze (D:3)
  7 dart slugs
  3 leopard geckos
  8 orcs
  2 ball pythons
  9 bats
  A giant cockroach (D:3)
  10 goblins
  12 hobgoblins
  2 jackals (D:3)
  8 frilled lizards
  14 kobolds
  11 rats
91 creatures vanquished.

Notes
Turn   | Place    | Note
-------+----------+-------------------------------------------
     0 | D:1      | Linguinho the Demonspawn Assassin began the quest for the Orb.
     0 | D:1      | Reached XP level 1. HP: 16/16 MP: 1/1
   124 | D:1      | Reached skill level 1 in Dodging
   124 | D:1      | Reached skill level 4 in Stealth
   124 | D:1      | Gained mutation: You have large cloven feet. [demonic ancestry]
   124 | D:1      | Reached XP level 2. HP: 11/22 MP: 2/2
   531 | D:1      | Reached XP level 3. HP: 26/27 MP: 3/3
  1297 | D:3      | Reached skill level 1 in Armour
  1297 | D:3      | Gained mutation: You have hoof-like feet. [demonic ancestry]
  1297 | D:3      | Reached XP level 4. HP: 34/34 MP: 4/4
  1865 | D:4      | Found Docvaj's Antique Armour Boutique.
  1984 | D:4      | Reached XP level 5. HP: 34/39 MP: 5/5
  2008 | D:4      | Found a shimmering altar of Xom.
  2032 | D:4      | Reached skill level 1 in Shields
  2051 | D:4      | Noticed Robin
  2092 | D:3      | Slain by a hobgoblin

Skill      XL: |  1  2  3  4  5 |
---------------+----------------+-----
Dodging        | 1 |  1.8
Stealth        | 4 |  4.5
Short Blades   | 2 |  2.7
Armour         | 1 2 |  2.4
Shields        | 1 |  1.0
Fighting       | |  2.7
Throwing       | |  1.7

Action                   |  1- 3 |  4- 6 || total
-------------------------+-------+-------++-------
Melee: Dagger            |    51 |       ||    51
       Kick              |    19 |    31 ||    50
       Short sword       |    82 |   119 ||   201
       Rapier            |       |    20 ||    20
  Use: Scroll            |       |     7 ||     7
 Stab: Sleeping          |     6 |     1 ||     7
  Eat: Chunk             |     1 |     3 ||     4
Armor: Leather armour    |     7 |       ||     7
       Ring mail         |    65 |    87 ||   152
Dodge: Dodged            |    70 |    63 ||   133
Block: Shield            |     4 |    53 ||    57
